 Dungeon Crawl Stone Soup version 0.31.0-12-g77e489cdc1 (webtiles) character file.

Game seed: 9326074370641821312

695 Doomgape the Trooper (level 7, -8/46 HPs)
             Began as a Gargoyle Fighter on Feb 18, 2024.
             Killed from afar by Pikel (9 damage)
             ... with a bolt of dispelling energy
             ... on level 5 of the Dungeon.
             The game lasted 00:07:56 (2982 turns).

Doomgape the Trooper (Gargoyle Fighter)             Turns: 2982, Time: 00:07:56

Health: -8/46      AC: 17    Str: 21 (22) XL:     7   Next: 64%
Magic:  7/7        EV:  8    Int:  6 (8)  God:
Gold:   241        SH:  4    Dex:  6 (9)  Spells: 6/6 levels left

rFire   . . .        g - +1 whip (elec)
rCold   + . .        c - +0 buckler
rNeg    + . .        n - +2 chain mail {rC+}
rPois   ∞            (no helmet)
rElec   +            (no cloak)
rCorr   .            (no gloves)
SInv    .            (no boots)
Will    .....        (no amulet) Stlth
                     (no ring)
HPRegen 0.27/turn    (no ring)
MPRegen 0.10/turn

%: no passive effects
@: no status effects
A: sickness immunity, AC +4, negative energy resistance 1, electricity
resistance, torment resistance 1, petrification resistance
a: no special abilities


You were on level 5 of the Dungeon.
You visited 1 branch of the dungeon, and saw 5 of its levels.

You collected 241 gold pieces.

Inventory:

Hand Weapons
 g - a +1 whip of electrocution (weapon)
 m - a +0 morningstar
Armour
 c - a +0 buckler (worn)
 n - a +2 chain mail of cold resistance (worn)
Wands
 k - a wand of flame (11)
Scrolls
 b - a scroll of enchant armour {unknown}
 e - a scroll of identify {unknown}
 f - a scroll of teleportation
 h - a scroll of fog


   Skills:
 + Level 6.1 Fighting
 + Level 4.9 Maces & Flails
 + Level 6.1 Armour
 - Level 3.2 Shields


You had 6 spell levels left.
You didn't know any spells.
Your spell library contained the following spells:

 Spells                   Type           Power      Damage    Failure   Level
 Necrotise                Necr           0%         1d4       98%         1
 Mercury Vapours          Alch/Air       0%         N/A       99%         2
 Mephitic Cloud           Conj/Alch/Air  0%         N/A       100%        3
 Stone Arrow              Conj/Erth      0%         3d7       100%        3
 Tukima's Dance           Hex            0%         N/A       100%        3
 Vampiric Draining        Necr           0%         2d6       100%        3
 Animate Armour           Summ/Erth      0%         N/A       100%        4
 Martyr's Knell           Necr/Summ      0%         N/A       100%        4
 Passage of Golubria      Tloc           0%         N/A       100%        4
 Curse of Agony           Necr           0%         N/A       100%        5
 Freezing Cloud           Conj/Ice/Air   0%         6-21      100%        5
 Yara's Violent Unravell  Hex/Alch       0%         3d3       100%        5
 Lehudib's Crystal Spear  Conj/Erth      0%         10d2      100%        8


Dungeon Overview and Level Annotations

Branches:
Dungeon (5/15)
 Temple: D:4-7

Altars:
Fedhas
Xom

Annotations:
D:5 Pikel


Innate Abilities, Weirdness & Mutations

You are immune to sickness and miasma.
Your stone body is resilient. (AC +4)
You are immune to poison.
You resist negative energy. (rN+)
You are resistant to electric shocks. (rElec)
You are resistant to unholy torment.
You are immune to petrification.


Message History

* * * LOW HITPOINT WARNING * * *
Unknown command.
It was a potion of enlightenment.
You feel very buoyant.
You fly up into the air.
Unknown command.
It was a potion of degeneration.
There was something very wrong with that liquid.
You feel weakened.
You feel dopey.
You feel clumsy. You block Pikel's attack.
It was a potion of resistance.
You feel protected.
It was a potion of lignification.
You turn into a tree.
Your +2 chain mail of cold resistance melds into your body.
You feel less resistant to cold.
Your roots penetrate the ground.
Pikel hits you but does no damage.
You closely miss Pikel.
Pikel is heavily wounded.
Pikel hits you but does no damage.
Unknown command.
You hit Pikel but do no damage. Lightning courses through Pikel!
Pikel is severely wounded.
Unknown command.
You completely miss Pikel.
Pikel is severely wounded.
Pikel says, "You'll freeze in Cocytus!"
Pikel zaps a wand.
The bolt of dispelling energy hits you!
Your magical effects are unravelling.
* * * LOW HITPOINT WARNING * * *
Unknown command.
You closely miss Pikel.
Pikel is severely wounded.
You feel less wooden.
Your +2 chain mail of cold resistance unmelds from your body.
You feel resistant to cold.
You feel yourself slow down.
Your resistance to elements expires.
Your enlightenment fades.
Pikel zaps a wand.
The bolt of dispelling energy hits you!
You die...
Pikel says, "Another soul for the market."

............#
###########.#
#.# #.######
#.#....#
##.#....+
###..#....#
#.........#
#.#######@#
#. #K# #
#5######.
#55......
#5######. #.#
#.# ... ...


You could see Pikel and 4 lemures.

Vanquished Creatures
  Grinder (D:3)
  Sigmund (D:3)
  Menkaure (D:4)
  A bombardier beetle (D:4)
  A jelly (D:4)
  A hound (D:5)
  An orc priest (D:4)
  3 adders
  A ribbon worm (D:2)
  2 dart slugs
  8 orcs (D:4)
  10 endoplasms
  3 giant cockroaches
  9 goblins
  4 hobgoblins
  2 quokkas
  8 ball pythons
  5 bats
  10 kobolds
  7 rats
79 creatures vanquished.

Notes
Turn   | Place    | Note
-------+----------+-------------------------------------------
     0 | D:1      | Doomgape the Gargoyle Fighter began the quest for the Orb.
     0 | D:1      | Reached XP level 1. HP: 14/14 MP: 1/1
   130 | D:1      | Reached XP level 2. HP: 19/19 MP: 2/2
   146 | D:1      | Found a faded altar of an unknown god.
   328 | D:1      | Reached XP level 3. HP: 23/24 MP: 3/3
   755 | D:2      | Reached XP level 4. HP: 29/29 MP: 4/4
   972 | D:3      | Noticed Sigmund
   984 | D:3      | Killed Sigmund
   985 | D:3      | Reached XP level 5. HP: 29/34 MP: 5/5
  1603 | D:3      | Noticed Grinder
  1613 | D:3      | Killed Grinder
  1614 | D:3      | Reached skill level 5 in Fighting
  1614 | D:3      | Reached skill level 5 in Armour
  1614 | D:3      | Reached XP level 6. HP: 36/40 MP: 6/6
  1628 | D:3      | Found a blossoming altar of Fedhas.
  1630 | D:3      | Found a shimmering altar of Xom.
  1955 | D:4      | Noticed Menkaure
  1959 | D:4      | Killed Menkaure
  1960 | D:4      | Reached XP level 7. HP: 36/45 MP: 7/7
  2893 | D:5      | Entered Level 5 of the Dungeon
  2948 | D:5      | Noticed Pikel
  2981 | D:5      | HP: 2/69 [Pikel/bolt of dispelling energy (8)]
  2982 | D:5      | Killed from afar by Pikel

Illustrated notes

Levels and vault maps discovered:
D:1:      mushboom_english_gardens, layout_basic,
          hellmonk_ecumenical_altar_prayer_group
D:2:      layout_rooms, serial_rivers, chequers_serial_rivers_micro_e,
          chequers_serial_rivers_room_a, chequers_serial_rivers_micro_c,
          chequers_serial_rivers_small_a
D:3:      layout_basic, grunt_temple_overflow_open, uniq_sigmund, uniq_grinder
D:4:      layout_layer_cave, uniq_menkaure
D:5:      layout_basic, minitemple, overflow_temple_1_default, kennysheep_mini,
          trog_butcher_becter, mainiacjoe_overflow_six_doors_small,
          gup_ossuary_entry_pyramid, serial_shops, nicolae_shop_rolled_up,
          gammafunk_ghost_cemetery, minmay_tree_intersection,
          chequers_serial_rivers_large_b, uniq_pikel, uniq_eustachio,
          uniq_edmund

Skill      XL: |  1  2  3  4  5  6  7 |
---------------+----------------------+-----
Fighting       | 4 5 6 |  6.1
Armour         | 4 5 6 |  6.1
Maces & Flails | 3 4 |  4.9
Shields        | |  3.2

Action                     |  1- 3 |  4- 6 |  7- 9 || total
---------------------------+-------+-------+-------++-------
  Melee: Whip              |    99 |    47 |    86 ||   232
         Flail             |     6 |       |       ||     6
  Evoke: Wand              |       |     5 |     3 ||     8
    Use: Potion            |       |     1 |     5 ||     6
         Scroll            |       |     3 |       ||     3
 Armour: Scale mail        |    63 |    16 |    14 ||    93
         Chain mail        |       |       |    36 ||    36
         Skin              |       |       |     3 ||     3
  Dodge: Dodged            |    46 |    15 |    25 ||    86
  Block: Buckler           |    13 |     5 |     9 ||    27
